Map: Dreamcatcher LE

Players

Jice

  • Race: Protoss Protoss
  • League: Diamond
  • Spawn Location: 11:00

Photon - Winner!

  • Race: Zerg Zerg
  • League: Diamond
  • Spawn Location: 5:00

VOD

Have the link to the VOD?

Description

Time

  • Played on: Sept. 4, 2018, 9:53 p.m.
  • Length: 11:00
Show
View Real Time Build Order
Export as new Build Order

Jice Protoss 

Build Orders:  

Get SALT Encoding   

  1  0:00  Probe  
  12  0:05  Probe  
  14  0:23  Pylon  
  14  0:25  Probe  
  15  0:41  Forge  
  15  0:57  Pylon  
  15  1:12  Assimilator  
  15  1:16  Photon Cannon  
  15  1:21  Gateway  
  15  1:23  Probe  
  15  1:30  Assimilator  
  15  1:31  Probe  
  17  1:41  Probe  
  18  1:53  Probe, Assimilator  
  19  2:10  Cybernetics Core, Probe  
  19  2:11  Photon Cannon  
  20  2:18  Probe  
  21  2:24  Pylon  
  21  2:34  Pylon  
  21  2:45  Probe  
  22  2:55  Robotics Facility  
  22  2:57  Probe  
  23  3:01  Shield Battery  
  23  3:11  Photon Cannon  
  23  3:20  Photon Cannon  
  23  3:31  Photon Cannon  
  23  3:38  Stalker  
  25  3:48  Immortal  
  28  4:12  Photon Cannon  
  28  4:16  Adept  
  28  4:28  Warp Prism  
  32  4:39  Gateway  
  32  4:55  Shield Battery  
  32  5:00  Adept  
  34  5:08  Photon Cannon  
  32  5:38  Immortal  
  36  5:43  Stalker  
  36  5:46  Shield Battery x2  
  38  5:53  Shield Battery  
  38  6:01  Pylon  
  36  6:14  Observer  
  36  6:20  Observer  
  36  6:24  Pylon  
  37  6:26  Shield Battery  
  37  6:27  Photon Cannon  
  37  6:33  Stalker  
  39  6:50  Immortal  
  39  7:21  Immortal  
  25  8:22  Zealot  
  27  8:56  Observer  
Show
View Real Time Build Order
Export as new Build Order

Photon Zerg - Winner!

Build Orders: Hatch First 

Get SALT Encoding   

  12  0:01  Drone  
  13  0:12  Overlord  
  13  0:17  Drone  
  14  0:30  Drone  
  14  0:31  Drone  
  16  0:36  Drone  
  17  0:53  Hatchery  
  17  0:55  Drone  
  17  1:00  Drone  
  18  1:09  Extractor  
  17  1:15  Spawning Pool  
  16  1:19  Drone  
  16  1:21  Drone  
  18  1:29  Drone  
  20  1:59  Hatchery  
  20  2:00  Hatchery  
  18  2:03  Queen  
  18  2:07  Zergling x2  
  21  2:12  Zergling x2  
  22  2:20  Overlord  
  22  2:39  Metabolic Boost  
  22  2:44  Drone  
  22  2:45  Drone  
  22  2:46  Drone  
  25  3:10  Spine Crawler  
  24  3:13  Roach Warren  
  24  3:14  Drone x2  
  24  3:15  Drone x3  
  24  3:16  Drone  
  29  3:28  Drone x3  
  32  3:45  Zergling x12  
  38  3:49  Extractor  
  36  3:59  Zergling x8  
  40  4:28  Overlord x2  
  38  4:37  Overlord x2  
  38  4:46  Queen x2  
  41  4:57  Roach x3  
  41  4:58  Roach x2  
  51  5:22  Hatchery  
  46  5:38  Roach x6  
  58  5:51  Spine Crawler  
  58  5:54  Spine Crawler  
  58  5:56  Drone  
  57  6:00  Queen  
  52  6:14  Queen  
  52  6:16  Roach  
  52  6:17  Roach  
  58  6:25  Zergling x2  
  58  6:26  Zergling x4  
  61  6:35  Roach x2  
  61  6:36  Queen  
  67  6:42  Drone  
  68  6:54  Roach x3  
  74  7:11  Overlord x2  
  74  7:12  Overlord  
  67  7:33  Drone x3  
  67  7:35  Roach x3  
  67  7:36  Roach x3  
  81  8:06  Lair  
  79  8:35  Spine Crawler  
  79  8:37  Spine Crawler  
  73  8:47  Zergling x6  
  76  8:53  Spore Crawler  
  70  9:08  Spine Crawler  
  69  9:10  Spine Crawler x2  
  69  9:12  Hydralisk Den  
  41  9:39  Zergling x10  
  30  9:49  Hydralisk x5  
  30  9:50  Hydralisk x3  
  44  9:59  Hydralisk  
  46  10:13  Hydralisk x4  
  45  10:48  Hatchery  
Tags
 
Add a new tag
Caveats
  • Supply blocks, unpowered buildings, or Contaminate may cause inaccurate times.
  • Supply counts are checked every 10 seconds.